 Dungeon Sprint DCSS version 0.28-a0-1567-g1695149f81 (webtiles) character file.

Game seed: 15042694561099041051

173 DarkBird the Covert (level 5, -9/28 HPs)
             Began as a Vampire Enchanter on Jan 19, 2022.
             Was an Initiate of Dithmenos.
             Mangled by a spriggan (16 damage)
             ... in the Dungeon (Sprint IV: "Fedhas' Mad Dash").
             The game lasted 00:03:38 (312 turns).

DarkBird the Covert (Vampire Enchanter)              Turns: 312, Time: 00:03:39

Health: -9/28      AC:  2    Str:  9    XL:     5   Next: 28%
Magic:  7/11       EV: 13    Int: 18    God:    Dithmenos [......]
Gold:   62         SH:  0    Dex: 14    Spells: 7/12 levels left

rFire   . . .      SeeInvis +   a - +1 dagger
rCold   + + .      Faith    .   (no shield)
rNeg    + + +      Spirit   .   b - +0 robe
rPois   ∞          Reflect  .   (no helmet)
rElec   .          Harm     .   (no cloak)
rCorr   .          Rampage  .   (no gloves)
Will    .....      NoTele   +   (no boots)
Stlth   +++++++...              e - amulet of invisibility {+Inv}
HPRegen 0.00/turn               (no ring)
MPRegen 0.12/turn               (no ring)

@: very slightly contaminated, bloodless, inhibited regen, hasted, very quick
A: bloodless, fangs 3, see invisible, vampiric 2
a: Bat Form, Revivify, Renounce Religion, Evoke Invisibility


You were in the Dungeon.
You worshipped Dithmenos.
Dithmenos was noncommittal.
You visited 1 branch You collected 62 gold pieces.

Inventory:

Hand Weapons
 a - a +1 dagger (weapon)
Armour
 b - a +0 robe (worn)
Jewellery
 e - the amulet of invisibility (around neck) {+Inv}
   (You found it in the Dungeon)

   [amulet of nothing]

   +Inv:      It lets you turn invisible.
Scrolls
 c - 3 scrolls of identify {unknown}
 i - a scroll of blinking
Potions
 g - 2 potions of magic
 h - a potion of berserk rage


   Skills:
 + Level 0.8 Fighting
 + Level 1.6 Short Blades
 + Level 4.0 Dodging
 + Level 11.3 Stealth
 + Level 4.2 Spellcasting
 + Level 9.8 Hexes
 + Level 1.1 Evocations


You had 7 spell levels left.
You knew the following spells:

 Your Spells              Type           Power      Damage    Failure   Level
a - Ensorcelled Hibernat  Hex/Ice        42%        N/A       2%          2
b - Confusing Touch       Hex            39%        N/A       1%          3

Your spell library contained the following spells:

 Spells                   Type           Power      Damage    Failure   Level
 Tukima's Dance           Hex            39%        N/A       1%          3
 Dazzling Flash           Conj/Hex       42%        N/A       5%          3


Dungeon Overview and Level Annotations

Branches:
Dungeon (1/1)

Altars:
Cheibriados
Dithmenos
Elyvilon
Gozag
Hepliaklqana
Kikubaaqudgha
Makhleb
Nemelex Xobeh
Okawaru
Qazlal
Ru
Sif Muna
Trog
Uskayaw
Vehumet
Wu Jian
Xom
Yredelemnul
Zin
The Shining One
Beogh
Jiyva
Lugonu


Innate Abilities, Weirdness & Mutations

You do not regenerate when monsters are visible.
You are frail without blood (-20% HP).
You can heal yourself when you bite living creatures.
You are immune to poison.
You have razor-sharp teeth.
You have supernaturally acute eyesight. (SInv)
You are afflicted with vampirism and can become a bat while bloodless.


Message History

Your Stealth skill increases to level 11!
Your Evocations skill increases to level 1!
You now have 62 gold pieces (gained 12).
You open the door. 2 spriggans and a scorpion come into view.
Found 28 gold pieces.
The spriggan shouts!
The spriggan misses you.
There is an open door here.
Hit: a) +1 dagger
Press: ? - help, Dir - move target, f - spriggan
Aim: a spriggan, wielding a +0 short sword, wearing a +0 robe and wearing a +0 buckler (about 62% to evade your +1 dagger)
The spriggan blocks your attack.
Your bite misses the spriggan. The spriggan closely misses you.
Aiming: Ensorcelled Hibernation (safe; 2% risk of failure)
Press: ? - help, Q - select action, (/) - cycle Shift-Dir - straight line, f - spriggan, p - spriggan
Aim: a spriggan, wielding a +0 short sword, wearing a +0 robe and wearing a +0 buckler (chance to affect: 21%)
The spriggan resists with almost no effort.
You flicker for a moment.
The spriggan hits you with a +0 short sword. x2
You feel yourself speed up. The spriggan misses you.
The spriggan barely misses you. The spriggan misses you.
There is an open door here.
You flicker back into view.
There is a corrupted altar of Lugonu here.
The spriggan hits you with a +0 short sword!
* * * LOW HITPOINT WARNING * * *
There is an ancient bone altar of Kikubaaqudgha here.
Aiming: Ensorcelled Hibernation (safe; 2% risk of failure)
Press: ? - help, Q - select action, (/) - cycle Shift-Dir - straight line, f - spriggan, p - spriggan
Aim: a spriggan, wielding a +0 short sword, wearing a +0 robe and wearing a +0 buckler (chance to affect: 21%)
The spriggan resists with almost no effort.
You feel better. The spriggan misses you.
The spriggan hits you with a +0 short sword.
* * * LOW HITPOINT WARNING * * *
You completely miss the spriggan. Your bite misses the spriggan.
The spriggan hits you with a +0 short sword!
Ouch! That really hurt!
You die...

##############################
.†#.....#.⌠._._._i_.⌠.#..'$..#
..'.#..†'.._._._@i._..'..#$.$#
÷.#.#...#..._._._._...#..###+#
######+##.._._._._._..#.)#
#._._._._._.⌠.####
###############


You could see 2 spriggans.

Vanquished Creatures
  A scorpion (D)
  3 oklob saplings (D)
  A river rat (D)
  A rat (D)
6 creatures vanquished.

Vanquished Creatures (others)
  A fungus (D)
1 creature vanquished.

Grand Total: 7 creatures vanquished

Notes
Turn   | Place    | Note
-------+----------+-------------------------------------------
     0 | D        | DarkBird the Vampire Enchanter began the quest for the Orb.
     0 | D        | Reached XP level 1. HP: 13/13 MP: 3/3
    18 | D        | Reached skill level 5 in Stealth
    18 | D        | Reached skill level 5 in Hexes
    18 | D        | Reached XP level 2. HP: 15/15 MP: 5/5
    26 | D        | Noticed an oklob sapling
    28 | D        | Killed an oklob sapling
    29 | D        | Reached skill level 7 in Stealth
    29 | D        | Gained mutation: You are afflicted with vampirism and can
                  | become a bat while bloodless. [Vampire growth]
    29 | D        | Reached XP level 3. HP: 19/19 MP: 5/7
    30 | D        | Noticed a scorpion
    30 | D        | Found the amulet of invisibility {+Inv}
    54 | D        | Learned a level 2 spell: Ensorcelled Hibernation
    58 | D        | Learned a level 3 spell: Confusing Touch
    73 | D        | Killed a scorpion
    74 | D        | Reached skill level 9 in Stealth
    74 | D        | Reached XP level 4. HP: 10/24 MP: 5/9
   251 | D        | Found an opulent altar of Gozag.
   251 | D        | Found a hazy altar of Hepliaklqana.
   251 | D        | Found a burning altar of Makhleb.
   251 | D        | Found a sparkling altar of Nemelex Xobeh.
   251 | D        | Found a snail-covered altar of Cheibriados.
   251 | D        | Found a sacrificial altar of Ru.
   251 | D        | Found a shimmering blue altar of Sif Muna.
   251 | D        | Found a shimmering altar of Xom.
   251 | D        | Found a basalt altar of Yredelemnul.
   252 | D        | Found a viscous altar of Jiyva.
   252 | D        | Found a bloodstained altar of Trog.
   252 | D        | Found an ornate altar of the Wu Jian Council.
   253 | D        | Found an iron altar of Okawaru.
   253 | D        | Found a shadowy altar of Dithmenos.
   254 | D        | Found an ancient bone altar of Kikubaaqudgha.
   254 | D        | Found a hide-covered altar of Uskayaw.
   255 | D        | Found a stormy altar of Qazlal.
   256 | D        | Found a corrupted altar of Lugonu.
   256 | D        | Found a radiant altar of Vehumet.
   260 | D        | Reached skill level 10 in Stealth
   260 | D        | Reached XP level 5. HP: 28/28 MP: 8/11
   263 | D        | Became a worshipper of Dithmenos the Shadowed
   293 | D        | Reached skill level 11 in Stealth
   293 | D        | Reached skill level 1 in Evocations
   312 | D        | Mangled by a spriggan

Illustrated notes

Levels and vault maps discovered:
D:        dungeon_sprint_fedhas [sprint_temple]

Skill      XL: |  1  2  3  4  5 |
---------------+----------------+-----
Stealth        | 5 7 9 10 11 | 11.3
Hexes          | 5 7 8 9 |  9.8
Dodging        | 3 4 |  4.0
Spellcasting   | 3 4 |  4.2
Evocations     | 1 |  1.1
Fighting       | |  0.8
Short Blades   | |  1.6

Action                   |  1- 3 |  4- 6 || total
-------------------------+-------+-------++-------
Melee: Dagger            |    20 |     4 ||    24
       Bite              |     2 |       ||     2
 Cast: Confusing Touch   |     1 |       ||     1
       Ensorcelled Hiber |       |     2 ||     2
 Abil: Exsanguinate      |     1 |       ||     1
       Evoke Invisibilit |       |     2 ||     2
  Use: Potion            |     2 |     2 ||     4
 Stab: Sleeping          |     3 |     2 ||     5
       Distracted        |     1 |       ||     1
       Confused          |     1 |       ||     1
Armor: Robe              |     2 |       ||     2
Dodge: Dodged            |     3 |     6 ||     9

Table legend: (Time is in decaauts)
 A = Elapsed time spent in this place.
 B = Non-inter-level travel time spent in this place.
 C = Inter-level travel time spent in this place.
 D = Time resting spent in this place.
 E = Time spent auto-exploring this place.
 F = Levels seen in this place.
 G = Mean time per level.
                   A        B        C        D        E       F      G
               +--------+--------+--------+--------+--------+-----+--------+
         Total |    307 |    307 |      0 |    166 |      0 |   1 |  307.0 |
       Dungeon |    307 |    307 |      0 |    166 |      0 |   1 |  307.0 |
               +--------+--------+--------+--------+--------+-----+--------+

Top non-repeatable levels by time:
       D: 307 daAuts
